 Dungeon Crawl Stone Soup version 0.30.2 (webtiles) character file.

Game seed: 18015565767538163554

90 porpoise the Chopper (level 4, -1/41 HPs)
             Began as a Hill Orc Fighter on Feb 19, 2024.
             Slain by Sigmund
             ... wielding a +0 scythe
              (3 damage)
             ... on level 2 of the Dungeon.
             The game lasted 00:04:48 (1619 turns).

porpoise the Chopper (Hill Orc Fighter)             Turns: 1619, Time: 00:04:49

Health: -1/41      AC:  8    Str: 20    XL:     4   Next: 56%
Magic:  4/4        EV:  9    Int:  8    God:
Gold:   97         SH:  4    Dex: 10    Spells: 3/3 levels left

rFire   . . .        a - +0 war axe
rCold   . . .        c - +0 buckler
rNeg    . . .        b - +0 scale mail
rPois   .            p - +0 helmet
rElec   .            (no cloak)
rCorr   .            (no gloves)
SInv    .            (no boots)
Will    .....        (no amulet) Stlth
                     (no ring)
HPRegen 0.26/turn    (no ring)
MPRegen 0.09/turn

%: no passive effects
@: mighty
A: no striking features
a: no special abilities


You were on level 2 of the Dungeon.
You visited 1 branch of the dungeon, and saw 2 of its levels.

You collected 97 gold pieces.

Inventory:

Hand Weapons
 a - a +0 war axe (weapon)
Armour
 b - a +0 scale mail (worn)
 c - a +0 buckler (worn)
 p - a +0 helmet (worn)
Scrolls
 f - a scroll of immolation {unknown}
 h - a scroll of identify {unknown}
 j - 2 scrolls of amnesia {unknown}
 l - 2 scrolls of magic mapping {unknown}
 n - a scroll of teleportation {unknown}
Potions
 e - 2 potions of haste {unknown}
 g - a potion of mutation {unknown}
 i - a potion of degeneration {unknown}
 k - 2 potions of ambrosia {unknown}
 m - a potion of brilliance {unknown}
 o - a potion of lignification {unknown}


   Skills:
 + Level 4.4 Fighting
 * Level 4.7 Axes
 - Level 3.2 Armour
 + Level 4.0 Shields


You had 3 spell levels left.
You didn't know any spells.
Your spell library contained the following spells:

 Spells                   Type           Power      Damage    Failure   Level
 Freeze                   Ice            0%         1d3       83%         1
 Necrotise                Necr           0%         1d4       83%         1
 Frozen Ramparts          Ice            0%         1d1       99%         3
 Hailstorm                Conj/Ice       0%         3d3       99%         3
 Vampiric Draining        Necr           0%         2d6       99%         3
 Agony                    Necr           0%         N/A       100%        5


Dungeon Overview and Level Annotations

Branches:
Dungeon (2/15)

Altars:

Shops:
D:1 (

Annotations:
D:2 Sigmund


Message History

You slash Sigmund!
Sigmund is moderately wounded.
You completely miss the frilled lizard.
The frilled lizard bites you but does no damage.
Sigmund mumbles some strange words.
Sigmund flickers and vanishes!
Deactivating autopickup; reactivate with Ctrl-A.
The frilled lizard bites you but does no damage.
The frilled lizard attacks as you move away!
The frilled lizard bites you but does no damage.
You slash the frilled lizard!
You kill the frilled lizard!
Something hits you. Something hits you but does no damage.
You bump into the rock wall.
Something hits you but does no damage.
You barely miss something.
You feel less confused.
You miss something.
You hear some strange, mumbled words.
You are confused.
Something hits you. Something hits you. Something hits you but does no damage.
Found a scroll labelled VUVAICRYNKA.
Something hits you but does no damage. Something hits you.
You barely miss something. Something hits you.
You feel less confused. Something hits you. Something hits you.
You barely miss something. Something hits you!
* * * LOW HITPOINT WARNING * * *
You closely miss something. You hit something. You block something's attack.
You miss something.
You hear some strange, mumbled words.
Something tries to affect you, but you resist.
You completely miss something. Something hits you.
* * * LOW HITPOINT WARNING * * *
You closely miss something. Something hits you.
You die...

#...............#.
#.# . #######
#.............#..?
... ......#
#.................
......#
######..^.........
......#
###..........
......#
#..........
......#
#..........
....(.#
####{.........
......#
#...@.........
......#
#.............
......#
#.............
......#
#...(.........
......#
#.............
......#
#.............
......#
#.....########
......# #.....#
####### #.....#


There were no monsters in sight!

Vanquished Creatures
  Robin (D:2)
  2 adders (D:2)
  A worm (D:2)
  A dart slug (D:1)
  5 bats (D:1)
  5 endoplasms
  A giant cockroach (D:2)
  10 goblins
  10 hobgoblins
  6 ball pythons
  6 frilled lizards
  2 kobolds
  4 rats
54 creatures vanquished.

Notes
Turn   | Place    | Note
-------+----------+-------------------------------------------
     0 | D:1      | porpoise the Hill Orc Fighter began the quest for the Orb.
     0 | D:1      | Reached XP level 1. HP: 19/19 MP: 1/1
   122 | D:1      | Reached XP level 2. HP: 26/27 MP: 2/2
   323 | D:1      | Found a faded altar of an unknown god.
   537 | D:1      | Found Bulylai's Weapon Emporium.
   564 | D:1      | Reached XP level 3. HP: 33/33 MP: 3/3
  1196 | D:2      | Reached XP level 4. HP: 40/40 MP: 4/4
  1297 | D:2      | Noticed Robin
  1320 | D:2      | Killed Robin
  1585 | D:2      | Noticed Sigmund
  1618 | D:2      | HP: 2/41 [something (5)]
  1619 | D:2      | Slain by Sigmund

Illustrated notes

Levels and vault maps discovered:
D:1:      dpeg_arrival_ternary, layout_basic, shapermc_ecumenical_altar_petra,
          serial_shops, nicolae_shop_tiny_real_fake_doors
D:2:      layout_basic, uniq_robin, uniq_sigmund

Skill      XL: |  1  2  3  4 |
---------------+-------------+-----
Axes           | 3 4 |  4.7
Fighting       | 4 |  4.4
Shields        | 4 |  4.0
Armour         | |  3.2

Action                     |  1- 3 |  4- 6 || total
---------------------------+-------+-------++-------
  Melee: War axe           |    96 |    57 ||   153
  Throw: Dart              |       |     3 ||     3
    Use: Potion            |       |     1 ||     1
 Armour: Scale mail        |    42 |    22 ||    64
  Dodge: Dodged            |    50 |    20 ||    70
  Block: Buckler           |    19 |     9 ||    28
